 Dungeon Crawl Stone Soup version 0.31-a0-841-g038b102fc3 (webtiles) character file.

Game seed: 5946005039271627924

200812 RepHenryClay the Acrobat (level 17, 0/92 HPs)
             Began as a Deep Elf Conjurer on Sept 16, 2023.
             Was a High Priest of Sif Muna.
             Hit by a silver javelin thrown by a merfolk javelineer (6 damage)
             ... on level 4 of the Shoals on Sept 27, 2023.
             The game lasted 02:07:52 (46112 turns).

RepHenryClay the Acrobat (Deep Elf Conjurer)       Turns: 46112, Time: 02:07:53

Health: 0/92       AC: 11    Str:  7    XL:     17   Next: 89%
Magic:  2/36       EV: 24    Int: 36    God:    Sif Muna [*****.]
Gold:   1007       SH: 11    Dex: 15    Spells: 2/42 levels left

rFire   + + .        a - staff of conjuration
rCold   + + .        e - +0 buckler
rNeg    + + .        E - +2 robe {rN+}
rPois   +            g - +0 helmet of Vehumet's Envy {rPois rC++ Will+ SInv}
rElec   .            w - +0 cloak {rCorr}
rCorr   +            o - +1 pair of gloves {Str+3}
SInv    +            D - +2 pair of boots
Will    +++..        W - amulet of reflection
Stlth   ++           Z - ring of Fiopp {rPois rF+ rN+ Int+6}
HPRegen 0.35/turn    q - ring "Duoxeyh" {rF+ Will+}
MPRegen 0.25/turn

%: reflection
@: very slow
A: no striking features
}: 1/15 runes: barnacled
a: Renounce Religion, Channel Magic, Forget Spell, Divine Exegesis


You were on level 4 of the Shoals.
You worshipped Sif Muna.
Sif Muna was extremely pleased with you.
You visited 6 branches of the dungeon, and saw 29 of its levels.
You also visited: Sewer, Gauntlet and Ice Cave.

You collected 3266 gold pieces.
You spent 2259 gold pieces at shops.

Inventory:

Armour
 e - a +0 buckler (worn)
 g - the +0 helmet of Vehumet's Envy (worn) {rPois rC++ Will+ SInv}
   (You bought it in a shop on level 2 of the Orcish Mines)

   rC++:      It greatly protects you from cold.
   rPois:     It protects you from poison Will+: It increases your willpower.
   SInv:      It lets you see invisible.
 o - a +1 pair of gloves of strength (worn)
 w - a +0 cloak of preservation (worn)
 D - a +2 pair of boots (worn)
 E - a +2 robe of positive energy (worn)
Magical Staves
 a - a staff of conjuration (weapon)
Jewellery
 c - an amulet of magic regeneration
 l - the ring of Circularity {Contam rF+ rC+ MP+9 Int+5}
   (You took it off a minotaur in a Gauntlet)

   [ring of magical power]

   Int+5:     It affects your intelligence (+5).
   rF+:       It protects you from fire.
   rC+:       It protects you from cold.
   MP+9:      It affects your magic capacity (+9).
   Contam:    It causes magical contamination when unequipped.
 q - the ring "Duoxeyh" (right hand) {rF+ Will+}
   (You bought it in a shop on level 11 of the Dungeon)

   [ring of willpower]

   rF+:       It protects you from fire.
   Will+:     It increases your willpower.
 u - a ring of protection from fire
 H - the ring "Qyopymiq" {rN++ rCorr Int-2}
   (You found it in a Gauntlet)

   [ring of resist corrosion]

   Int-2:     It affects your intelligence (-2).
   rN++:      It greatly protects you from negative energy.
   rCorr:     It protects you from acid and corrosion.
 J - the ring "Ehoetos" {rElec SInv}
   (You took it off an orc on level 2 of the Orcish Mines)

   [ring of see invisible]

   rElec:     It insulates you from electricity.
   SInv:      It lets you see invisible.
 K - a ring of fire
 V - a +5 ring of evasion
 W - an amulet of reflection (around neck)
 Z - the ring of Fiopp (left hand) {rPois rF+ rN+ Int+6}
   (You found it in a Gauntlet)

   [ring of intelligence]

   Int+6:     It affects your intelligence (+6).
   rF+:       It protects you from fire.
   rPois:     It protects you from poison rN+: It protects you from negative
   energy.
Wands
 y - a wand of acid (15)
 C - a wand of roots (23)
 Q - a wand of charming (35)
 Y - a wand of mindburst (10)
Scrolls
 d - 3 scrolls of revelation
 f - 6 scrolls of immolation
 j - a scroll of vulnerability
 m - 3 scrolls of summoning
 n - 3 scrolls of brand weapon
 v - 8 scrolls of teleportation
 x - 4 scrolls of enchant armour
 F - 3 scrolls of torment
 I - a scroll of amnesia
 O - 4 scrolls of enchant weapon
 P - 3 scrolls of blinking
 R - 6 scrolls of fog
 T - a scroll of fear
Potions
 b - 2 potions of magic
 h - a potion of cancellation
 i - a potion of ambrosia
 k - 5 potions of heal wounds
 p - 8 potions of enlightenment
 r - 17 potions of curing
 s - 6 potions of attraction
 t - 4 potions of brilliance
 z - 3 potions of might
 A - 4 potions of invisibility
 B - 3 potions of resistance
 U - 2 potions of mutation
 X - 2 potions of haste
Miscellaneous
 G - a box of beasts


   Skills:
 - Level 5.0 Fighting
 - Level 6.0 Staves
 + Level 22.2 Dodging
 - Level 5.0 Stealth
 - Level 7.8 Shields
 - Level 13.0 Spellcasting
 - Level 16.7 Conjurations
 - Level 7.0 Necromancy
 - Level 3.0 Translocations
 - Level 5.0 Ice Magic
 - Level 5.0 Air Magic
 - Level 10.0 Earth Magic
 - Level 10.0 Invocations
 - Level 6.0 Evocations


You had 2 spell levels left.
You knew the following spells:

 Your Spells              Type           Power      Damage    Failure   Level
a - Stone Arrow           Conj/Erth      100%       3d13      1%          3
b - Orb of Destruction    Conj           60%        9d15      2%          7
c - Iskenderun's Mystic   Conj/Tloc      97%        2d19      1%          4
d - Magic Dart            Conj           100%       1d8       0%          1
e - Dispel Undead         Necr           65%        3d22      1%          4
f - Freezing Cloud        Conj/Ice/Air   46%        6-21      1%          5
g - Agony                 Necr           65%        N/A       3%          5
h - Bombard               Conj/Erth      54%        9d9       1%          6
i - Mephitic Cloud        Conj/Pois/Air  85%        N/A       1%          3
Q - Blink                 Tloc           90%        N/A       1%          2

Your spell library contained the following spells:

 Spells                   Type           Power      Damage    Failure   Level
 Searing Ray              Conj           100%       2d8       0%          2
 Apportation              Tloc           90%        N/A       1%          1
 Freeze                   Ice            100%       1d10      1%          1
 Kiss of Death            Conj/Necr      100%       2d13      1%          1
 Necrotise                Necr           100%       1d9       1%          1
 Sandblast                Erth           100%       2d20      1%          1
 Shock                    Conj/Air       100%       1d9       1%          1
 Cigotuvi's Dreadful Rot  Necr/Pois/Air  100%       N/A       1%          2
 Ensorcelled Hibernation  Hex/Ice        82%        N/A       1%          2
 Lesser Beckoning         Tloc           90%        N/A       1%          2
 Momentum Strike          Conj/Tloc      100%       3d10      1%          2
 Poisonous Vapours        Pois/Air       82%        N/A       1%          2
 Sublimation of Blood     Necr           65%        N/A       1%          2
 Sting                    Tmut/Pois      92%        1d7       2%          1
 Summon Small Mammal      Summ           92%        N/A       2%          1
 Jinxbite                 Hex            46%        N/A       3%          2
 Dazzling Flash           Conj/Hex       100%       N/A       1%          3
 Frozen Ramparts          Ice            100%       1d16      1%          3
 Hailstorm                Conj/Ice       100%       3d20      1%          3
 Vampiric Draining        Necr           65%        2d10      1%          3
 Animate Dead             Necr           65%        N/A       1%          4
 Brom's Barrelling Bould  Conj/Erth      100%       2d11      1%          4
 Fulminant Prism          Conj/Hex       45%        3d21      1%          4
 Sticky Flame             Conj/Fire      90%        2d10      1%          4
 Arcjolt                  Conj/Air       50%        1d60      1%          5
 Borgnjor's Vile Clutch   Necr/Erth      35%        N/A       1%          5
 Iskenderun's Battlesphe  Conj           100%       2d15      1%          5
 Lee's Rapid Deconstruct  Erth           38%        3d19*     1%          5
 Gell's Gravitas          Tloc           45%        N/A       2%          3
 Teleport Other           Tloc           45%        N/A       2%          3
 Fireball                 Conj/Fire      45%        3d18      2%          5
 Leda's Liquefaction      Hex/Erth       28%        N/A       3%          4
 Petrify                  Tmut/Erth      56%        N/A       3%          4
 Vhi's Electric Charge    Tloc/Air       100%       N/A       4%          4
 Conjure Ball Lightning   Conj/Air       50%        3x3d17    4%          6
 Call Canine Familiar     Summ           23%        N/A       8%          3
 Inner Flame              Hex/Fire       23%        N/A       8%          3
 Sigil of Binding         Hex            23%        N/A       8%          3
 Summon Guardian Golem    Hex/Summ       23%        N/A       8%          3
 Summon Ice Beast         Ice/Summ       41%        N/A       9%          4
 Summon Lightning Spire   Summ/Air       41%        N/A       9%          4
 Dimensional Bullseye     Hex/Tloc       17%        N/A       13%         4
 Death Channel            Necr           32%        N/A       22%         6
 Cause Fear               Hex            11%        N/A       24%         4
 Olgreb's Toxic Radiance  Pois           23%        N/A       24%         4
 Metabolic Englaciation   Hex/Ice        20%        N/A       24%         5
 Simulacrum               Ice/Necr       30%        N/A       32%         6
 Summon Forest            Summ/Tloc      17%        N/A       36%         5
 Alistair's Intoxication  Tmut/Pois      15%        N/A       56%         5
 Summon Mana Viper        Hex/Summ       23%        N/A       56%         5
 Spellforged Servitor     Conj/Summ      45%        N/A       56%         7
 Lehudib's Crystal Spear  Conj/Erth      54%        10d13     56%         8
 Dispersal                Tloc           22%        N/A       73%         6
 Plasma Beam              Fire/Air       20%        2x1d32    80%         6
 Ozocubu's Refrigeration  Ice            28%        4d13      95%         7
 Summon Cactus Giant      Summ           11%        N/A       98%         6
 Malign Gateway           Summ/Tloc      17%        N/A       100%        7
 Infestation              Necr           32%        N/A       100%        8
 Death's Door             Necr           32%        N/A       100%        9
 Dragon's Call            Summ           11%        N/A       100%        9
 Polar Vortex             Ice            28%        12d3*     100%        9


Dungeon Overview and Level Annotations

Branches:
Dungeon (14/15)            Temple (1/1) D:4            Lair (5/5) D:8
 Shoals (4/4) Lair:2       Spider (3/4) Lair:3        Slime (0/5) Lair:4
    Orc (2/2) D:11            Elf (0/3) Orc:2        Vaults (0/5) D:13
  Sewer (visited)           IceCv (visited)         Gauntlet (visited)

Altars:
Ashenzari
Cheibriados
Dithmenos
Elyvilon
Fedhas
Gozag
Hepliaklqana
Kikubaaqudgha
Makhleb
Nemelex Xobeh
Okawaru
Qazlal
Ru
Sif Muna
Trog
Uskayaw
Vehumet
Wu Jian
Xom
Yredelemnul
Zin
The Shining One
Jiyva

Shops:
D:10 =(   D:11 =(*   Orc:2 [([:   Shoals:1 *

Annotations:
D:11 good ring
Lair:1 1 runed translucent door, Skeletony's ghost, journeyman MiFi
Lair:4 1 runed translucent doo


Message History

Moving in this stuff is going to be slow.
The merfolk javelineer throws a silver javelin.
The silver javelin misses you.
The merfolk javelineer throws a silver javelin.
The silver javelin pierces through you!!
The merfolk javelineer throws a silver javelin.
The silver javelin pierces through you!
* * * LOW HITPOINT WARNING * * *
x2
Items here: ( ) [ †.
Huge Dmg: -35%(-32hp) hp: 36%(33hp) Welcome back, RepHenryClay the Deep Elf Conjurer.
Sif Muna whispers: I know many secrets...
Press ? for a list of commands and other information.
Press: ? - help, v - describe, . - travel
Here: a merfolk javelineer, wielding a +1 short sword of draining and quivering silver javelins (severely wounded)
The floor, spattered with blood.
Unknown command.
Unknown command.
Okay, then.
Cast which spell? (? or * to list)
Okay, then.
Aiming: Fastroot
Press: ? - help, Shift-Dir - straight line, f - merfolk javelineer
Aim: a merfolk javelineer, wielding a +1 short sword of draining and quivering silver javelins (severely wounded)
The roots erupt in riotous growth!
Roots grab the merfolk javelineer.
The grasping roots constrict the merfolk javelineer.
The merfolk javelineer throws a silver javelin.
The silver javelin pierces through you!
* * * LOW HITPOINT WARNING * * *
x2 Huge Dmg: -12%(-11hp) hp: 24%(22hp) Welcome back, RepHenryClay the Deep Elf Conjurer.
Sif Muna whispers: I know many secrets...
Press ? for a list of commands and other information.
Unknown command.
The roots lose their grip on something.
The merfolk javelineer throws a silver javelin.
The silver javelin pierces through you!
* * * LOW HITPOINT WARNING * * *
You die...

≈≈≈≈≈≈≈≈≈≈≈≈≈≈≈≈≈≈≈≈≈≈≈≈#~~~~~~~~~~
≈≈≈≈≈≈≈≈≈≈≈≈≈≈≈≈≈≈≈≈≈≈≈≈#~~~~~~~~~~
≈≈≈≈≈≈≈≈≈≈≈≈≈≈≈≈≈≈≈≈≈≈≈≈#~~~~~~~~~~
≈≈≈≈≈≈≈≈~.~~~≈≈≈≈≈≈≈≈≈≈≈#~~~~~~~~~~
≈≈≈≈≈~.~#####~.≈≈≈≈≈≈≈≈≈#~~~~~~~~~~
≈~.)~.###...###~≈≈≈≈≈≈≈≈#~~~~~~~~~~
~~~..##,m...,,##~≈≈≈≈≈≈≈#~~~~~~~~~~
~~...#,.A8#,,,,#~$≈≈≈≈≈≈#~~~~~~~~~~
~...##....##,,,##@≈≈≈≈≈≈#~~~~~~~~~~
....'....._#,,,,#[≈≈≈≈≈≈#~~~~~~~~~~
.P..##....##,,,##~≈≈≈≈≈≈#~~~~~~~~~~
.....#,..8#,,,,#..≈≈≈≈≈≈#~~~~~~~~~~
.....##,....,,##~.≈≈≈≈≈≈#~~~~~~~~~~
......###...###m~~≈≈≈≈≈≈#~~~~~~~~~~
........#####..~~.≈≈≈≈≈≈#~~~~~~~~~~
...............~~~≈≈≈≈≈≈#~~~~~~~~~~
.............~.~~.≈≈≈≈≈≈#~~~~~~~~~~


You could see a merfolk javelineer.

Vanquished Creatures
  Nikola (Spider:1)
  Rupert (Lair:4)
  Jorgrun (Shoals:3)
  2 krakens
  Polyphemus (Shoals:4)
  3 ghost moths
  An angel (Shoals:4)
  An orc warlord (Orc:2)
  2 broodmothers
  An apis (Shoals:4)
  The ghost of bahustanut the Cleaver, a journeyman FoFi of Cheibriados (Orc:2)
  A minotaur (Gauntlet)
  2 ettins
  2 fire dragons
  4 merfolk javelineers (Shoals:4)
  2 entropy weavers
  17 merfolk impalers
  A rakshasa (D:14)
  10 hydras
  A jorogumo (Spider:3)
  Erolcha (D:9)
  2 merfolk avatars (Shoals:2)
  4 merfolk aquamancers
  2 radroaches
  4 centaur warriors
  6 boulder beetles
  An alligator snapping turtle (Shoals:4)
  2 catoblepae
  9 death yaks
  12 demonic crawlers
  2 orc high priests (Orc:2)
  A skyshark (Shoals:3)
  9 skeletal warriors
  A shadow wraith (D:13)
  A sun moth (Spider:1)
  2 fire crabs (shapeshifter)
  3 pharaoh ants
  2 cherubim (Shoals:4)
  An iron troll (D:13)
  A deep troll (D:14)
  A bog body (IceCv)
  7 sea snakes
  2 orb spiders
  2 lindwurms
  8 harpies
  2 deep elf pyromancers
  2 necromancers
  A steelbarb worm (Spider:2)
  10 ugly things
  5 orc knights (Orc:2)
  8 wolf spiders
  4 orc sorcerers
  9 fauns (Shoals:1)
  9 cyclopes
  13 manticores
  A faun (shapeshifter) (D:14)
  2 moths of wrath
  12 elephants
  Joseph (D:7)
  12 centaur zombies (D:11)
  9 merfolk sirens
  2 ice statues (IceCv)
  A guardian serpent (Lair:5)
  3 water nymphs
  11 black mambas
  7 torpor snails
  16 cane toads
  A gargoyle (D:14)
  3 kobold demonologists
  2 yaktaurs
  3 unseen horrors
  A rime drake (Lair:2)
  6 komodo dragons
  Maggie (Lair:2)
  A tengu conjurer (D:14)
  2 freezing wraiths
  3 anaconda simulacra (IceCv)
  4 ice devils
  5 trolls
  30 merfolk
  4 tyrant leeches (Lair:5)
  A wolf spider simulacrum (D:14)
  10 hornets (Lair:5)
  A wind drake (shapeshifter) (D:14)
  3 meliai (Spider:3)
  11 tarantellas
  5 polar bears
  5 wind drakes
  20 blink frogs
  4 dream sheep
  5 culicivoras
  14 snapping turtles
  4 slime creatures (D:14)
  A dire elephant simulacrum (IceCv)
  9 water elementals
  6 jumping spiders
  5 wraiths
  2 vampires (D:11)
  9 shadows
  A hog (shapeshifter) (D:13)
  8 wyverns
  6 basilisks
  43 yaks
  A steam dragon (D:7)
  2 death yak simulacra
  20 redbacks
  3 harpy simulacra (IceCv)
  7 wargs
  2 acid dragons
  23 water moccasins
  3 hydra simulacra (IceCv)
  2 ice beasts
  40 orc warriors
  Pargi (Sewer)
  5 ogres
  7 wolves
  7 centaurs
  4 kobold brigands
  12 bullfrogs
  3 gnoll sergeants
  2 two-headed ogre simulacra
  12 wights
  An elephant simulacrum (IceCv)
  17 killer bees
  An electric eel (D:9)
  A howler monkey (D:11)
  4 jellies
  5 hounds
  3 gnoll boudas
  24 orc priests
  3 iguanas
  Natasha (twice) (D:2)
  45 orc wizards
  A polar bear simulacrum (IceCv)
  2 spriggan simulacra
  14 hell rats (Lair:4)
  3 troll simulacra
  A wolf simulacrum (D:12)
  Robin (D:2)
  21 gnolls
  5 adders
  2 naga simulacra (D:12)
  2 shadow imps
  7 white imps
  3 ufetubi
  5 worms
  A dart slug (D:3)
  84 orcs
  8 endoplasms
  3 giant cockroaches
  12 goblins
  15 hobgoblins
  4 jackals (D:1)
  3 quokkas
  10 ball pythons
  5 bats
  12 frilled lizards
  20 kobolds
  2 rats
  4 tentacles
1032 creatures vanquished.

Vanquished Creatures (others)
  A wolf spider (Lair:5)
  A merfolk (Shoals:2)
  16 tentacles
18 creatures vanquished.

Grand Total: 1050 creatures vanquished

Notes
Turn   | Place    | Note
-------+----------+-------------------------------------------
     0 | D:1      | RepHenryClay the Deep Elf Conjurer began the quest for the
                  | Orb.
     0 | D:1      | Reached XP level 1. HP: 10/10 MP: 6/6
   196 | D:1      | Reached XP level 2. HP: 15/15 MP: 0/8
   449 | D:1      | Reached skill level 3 in Dodging
   521 | D:1      | Reached XP level 3. HP: 19/19 MP: 7/10
   837 | D:2      | Noticed Robin
   858 | D:1      | Learned a level 2 spell: Searing Ray
   934 | D:2      | Killed Robin
   935 | D:2      | Reached skill level 5 in Conjurations
  1322 | D:2      | Reached XP level 4. HP: 14/24 MP: 4/11
  1613 | D:2      | Noticed Natasha
  1619 | D:2      | Killed Natasha
  1892 | D:2      | Noticed Natasha
  1897 | D:2      | Killed Natasha
  1898 | D:2      | Reached XP level 5. HP: 28/28 MP: 6/12
  2332 | D:3      | Learned a level 4 spell: Iskenderun's Mystic Blast
  2690 | D:3      | Found a faded altar of an unknown god.
  2771 | D:3      | Reached skill level 1 in Translocations
  3194 | D:4      | Found a staircase to the Ecumenical Temple.
  3216 | Temple   | Entered the Ecumenical Temple
  3247 | Temple   | Became a worshipper of Sif Muna the Loreminder
  3528 | D:4      | Reached XP level 6. HP: 19/32 MP: 5/13
  3656 | D:4      | Reached skill level 1 in Staves
  3656 | D:4      | Reached skill level 1 in Evocations
  3814 | D:4      | Noticed an ice beast
  3824 | D:4      | Killed an ice beast
  4184 | D:5      | Entered Level 5 of the Dungeon
  4191 | D:5      | Reached XP level 7. HP: 33/36 MP: 8/15
  4329 | D:5      | Reached skill level 4 in Dodging
  4561 | D:5      | Learned a level 2 spell: Blink
  4999 | D:6      | Found a glowing drain.
  5045 | Sewer    | Entered a sewer
  5136 | Sewer    | Noticed Pargi
  5143 | Sewer    | Killed Pargi
  5144 | Sewer    | Reached skill level 5 in Spellcasting
  5165 | Sewer    | Reached * piety under Sif Muna
  5245 | D:6      | Reached skill level 5 in Dodging
  5245 | D:6      | Reached skill level 5 in Stealth
  5468 | D:6      | Reached XP level 8. HP: 28/41 MP: 14/17
  5695 | D:6      | Reached skill level 6 in Dodging
  5855 | D:6      | Found a broken altar of Ashenzari.
  5859 | D:6      | Found a glowing golden altar of the Shining One.
  6692 | D:7      | Reached skill level 7 in Dodging
  6705 | D:7      | Noticed Joseph
  6909 | D:7      | Reached skill level 8 in Dodging
  6963 | D:7      | Reached XP level 9. HP: 27/45 MP: 10/18
  7136 | D:8      | Found a staircase to the Lair.
  7137 | D:8      | Noticed a komodo dragon
  7155 | D:8      | Killed a komodo dragon
  7257 | D:8      | Reached skill level 9 in Dodging
  7419 | D:8      | Reached ** piety under Sif Muna
  7660 | D:8      | Found a stormy altar of Qazlal.
  7864 | D:8      | Reached skill level 10 in Dodging
  8112 | D:8      | Reached skill level 1 in Fighting
  8211 | D:8      | Reached skill level 10 in Conjurations
  9367 | D:9      | Reached XP level 10. HP: 47/54 MP: 15/19
  9900 | D:9      | Noticed Erolcha
  9904 | D:9      | Upgraded the game from 0.31-a0-771-g505c3d19dc to
                  | 0.31-a0-774-g0d66cbabe8
  9904 | D:9      | Upgraded the game from 0.31-a0-774-g0d66cbabe8 to
                  | 0.31-a0-819-gf6de2f5ab6
 10232 | D:9      | Reached skill level 11 in Dodging
 10344 | D:9      | Killed Erolcha
 10345 | D:9      | Reached skill level 1 in Shields
 10402 | D:9      | Found an ornate altar of the Wu Jian Council.
 10477 | D:9      | Reached *** piety under Sif Muna
 10709 | D:10     | Entered Level 10 of the Dungeon
 10978 | D:9      | Reached skill level 5 in Fighting
 11014 | D:10     | Found a hazy altar of Hepliaklqana.
 11130 | D:10     | Found Wazxuila's Antique Weapon Boutique.
 11262 | D:10     | Identified the +7 falchion of Amaumedi {freeze, rPois}
 11298 | D:10     | Reached skill level 5 in Shields
 11314 | D:10     | Reached XP level 11. HP: 63/63 MP: 6/20
 11323 | D:10     | Identified the +6 shortbow "Lacu" {flame, rN++ MP-9 Str+2
                  | Dex+3}
 11536 | D:11     | Found Jaagaimp's Weapon Shoppe.
 11669 | D:11     | Noticed a red ugly thing
 11685 | D:11     | Killed a red ugly thing
 11783 | D:11     | Reached skill level 12 in Dodging
 11943 | D:11     | Found Pugemomp's General Store.
 11954 | D:11     | Bought a scroll of teleportation for 39 gold pieces
 11954 | D:11     | Bought a scroll of blinking for 97 gold pieces
 12319 | D:11     | Found Culiroh's Jewellery Shop.
 12338 | D:11     | Found a staircase to the Orcish Mines.
 12358 | D:10     | Learned a level 4 spell: Leda's Liquefaction
 12363 | D:10     | Learned a level 4 spell: Dispel Undead
 12412 | D:11     | Reached **** piety under Sif Muna
 12479 | D:11     | Reached skill level 13 in Dodging
 13093 | D:11     | Reached skill level 5 in Necromancy
 13311 | D:11     | Reached XP level 12. HP: 28/68 MP: 6/21
 13690 | Lair:1   | Entered Level 1 of the Lair of Beasts
 13822 | Lair:1   | HP: 3/68 [poisoned by a cane toad]
 14629 | Lair:1   | Found a runed translucent door.
 14631 | Lair:1   | Noticed Skeletony's ghost (journeyman MiFi)
 15164 | Lair:2   | Reached skill level 14 in Dodging
 15172 | Lair:2   | Noticed Maggie
 15529 | Lair:2   | Noticed a seven-headed hydra
 15537 | Lair:2   | Killed a seven-headed hydra
 15657 | Lair:2   | Killed Maggie
 15695 | Lair:2   | Reached ***** piety under Sif Muna
 15747 | Lair:2   | Noticed a four-headed hydra
 15910 | Lair:2   | Killed a four-headed hydra
 15910 | Lair:2   | Identified Sif Muna's Handbook of Hoarfrost and the Ground
                  | (Sif Muna gifted it to you on level 2 of the Lair of
                  | Beasts)
 15910 | Lair:2   | Received a gift from Sif Muna
 15916 | Lair:2   | Learned a level 3 spell: Stone Arrow
 15918 | Lair:2   | Reached skill level 15 in Dodging
 15948 | Lair:2   | Learned a level 5 spell: Freezing Cloud
 16063 | Lair:2   | Learned a level 5 spell: Agony
 16243 | Lair:2   | Noticed a death yak
 16243 | Lair:2   | Noticed a death yak
 16244 | Lair:2   | Noticed a death yak
 16354 | Lair:2   | Killed a death yak
 16355 | Lair:2   | Reached skill level 1 in Earth Magic
 16355 | Lair:2   | Reached XP level 13. HP: 72/72 MP: 4/26
 16460 | Lair:2   | Found a staircase to the Shoals.
 17174 | Lair:2   | Found a staircase to the Shoals.
 17371 | Lair:3   | Reached skill level 5 in Earth Magic
 17372 | Lair:3   | Reached skill level 1 in Ice Magic
 17372 | Lair:3   | Reached skill level 1 in Air Magic
 18133 | Lair:3   | Found a hole to the Spider Nest.
 18612 | Lair:4   | Found a runed translucent door.
 18612 | Lair:4   | Found a viscous altar of Jiyva.
 18612 | Lair:4   | Noticed an acid blob
 18616 | Lair:4   | Found a staircase to the Slime Pits.
 18633 | Lair:4   | Noticed Rupert
 18637 | Lair:4   | Found a gate leading to a gauntlet.
 18646 | Gauntlet | Entered a Gauntlet
 18646 | Gauntlet | Found a transporter.
 18675 | Gauntlet | Found a transporter.
 18677 | Gauntlet | Found a transporter.
 18688 | Gauntlet | Found a transporter.
 18691 | Gauntlet | Found a transporter.
 18705 | Gauntlet | Found a transporter.
 18715 | Gauntlet | Found a runed translucent door.
 18716 | Gauntlet | Found a transporter.
 18717 | Gauntlet | Found a runed translucent door.
 18727 | Gauntlet | Found a transporter.
 18739 | Gauntlet | Found a transporter.
 18753 | Gauntlet | Found a transporter.
 18767 | Gauntlet | Found a transporter.
 18770 | Gauntlet | Found a transporter.
 18792 | Gauntlet | Found a runed translucent gate.
 18793 | Gauntlet | Found a transporter.
 18793 | Gauntlet | Found a runed translucent gate.
 18793 | Gauntlet | Found a transporter.
 18794 | Gauntlet | Found a runed translucent gate.
 18869 | Gauntlet | Reached skill level 5 in Ice Magic
 18989 | Gauntlet | Reached skill level 5 in Air Magic
 19076 | Gauntlet | Identified the ring of Fiopp {rPois rF+ rN+ Int+6}
 19127 | Gauntlet | Identified the ring of Circularity {Contam rF+ rC+ MP+9
                  | Int+5}
 19127 | Gauntlet | Noticed a minotaur
 19138 | Gauntlet | Killed a minotaur
 19206 | Gauntlet | Identified the +1 flail "Ezifomn" {elec, +Blink Will+
                  | Int+3}
 19209 | Gauntlet | Identified the ring "Qyopymiq" {rN++ rCorr Int-2}
 19408 | Lair:4   | Killed Rupert
 19959 | Lair:5   | Entered Level 5 of the Lair of Beasts
 20226 | Lair:5   | Reached XP level 14. HP: 78/78 MP: 11/29
 20229 | Lair:5   | Reached skill level 10 in Spellcasting
 20543 | Lair:5   | Found a runed translucent door.
 20858 | Lair:5   | Identified Sif Muna's Elucidation of Chilblains (Sif Muna
                  | gifted it to you on level 5 of the Lair of Beasts)
 20858 | Lair:5   | Received a gift from Sif Muna
 20873 | Lair:5   | Learned a level 6 spell: Bombard
 22696 | Orc:1    | Entered Level 1 of the Orcish Mines
 23401 | Orc:2    | Entered Level 2 of the Orcish Mines
 23441 | Orc:2    | Reached skill level 10 in Earth Magic
 23559 | Orc:2    | Found a staircase to the Elven Halls.
 23627 | Orc:2    | Reached skill level 1 in Invocations
 23629 | Orc:2    | Identified Sif Muna's Incunabulum of the Doomed Fifth
                  | Circle (Sif Muna gifted it to you on level 2 of the Orcish
                  | Mines)
 23629 | Orc:2    | Received a gift from Sif Muna
 23972 | Orc:2    | Found Ubbar's Antique Armour Emporium.
 23977 | Orc:2    | Bought a pair of runed boots for 232 gold pieces
 23977 | Orc:2    | Bought a pair of glowing gloves for 232 gold pieces
 23977 | Orc:2    | Bought a runed cloak for 232 gold pieces
 24141 | Orc:2    | Reached skill level 16 in Dodging
 24148 | Orc:2    | Found Kaij Uwk's Book Emporium.
 24332 | Orc:2    | Noticed an orc warlord
 24379 | Orc:2    | Killed an orc warlord
 24682 | Orc:2    | Found Vetaroq's Antique Weapon Emporium.
 24697 | Orc:2    | Found Hilush's Antique Armour Shoppe.
 24788 | Orc:2    | Bought a buzzing helmet for 190 gold pieces
 24788 | Orc:2    | Identified the +0 helmet of Vehumet's Envy {rPois rC++
                  | Will+ SInv} (You bought it in a shop on level 2 of the
                  | Orcish Mines)
 24788 | Orc:2    | Bought an embroidered cloak for 150 gold pieces
 24862 | Orc:2    | Bought a crude scarf for 310 gold pieces
 24862 | Orc:2    | Identified the scarf of Nuelies {shadows, rF+ Will+++ Int+4
                  | Dex-3} (You bought it in a shop on level 2 of the Orcish
                  | Mines)
 25053 | Orc:2    | Received a gift from Sif Muna
 25166 | Orc:2    | Found a runed translucent gate.
 25166 | Orc:2    | Noticed bahustanut's ghost (journeyman FoFi)
 25167 | Orc:2    | Found a runed translucent gate.
 25168 | Orc:2    | Found a runed translucent gate.
 25174 | Orc:2    | Identified the ring "Ehoetos" {rElec SInv}
 25371 | Orc:2    | Killed bahustanut's ghost
 25377 | Orc:2    | Reached skill level 5 in Invocations
 25455 | Orc:2    | Reached XP level 15. HP: 77/82 MP: 23/33
 26396 | D:12     | Found a frozen archway.
 26436 | IceCv    | Entered an ice cave
 26649 | IceCv    | Received a gift from Sif Muna
 27319 | D:13     | Learned a level 3 spell: Mephitic Cloud
 27766 | D:13     | Found a gate to the Vaults.
 28305 | D:13     | Reached skill level 10 in Invocations
 28610 | D:13     | Reached skill level 15 in Conjurations
 28734 | D:13     | Noticed a tengu reaver
 29428 | D:13     | Found a gate to the Vaults.
 29730 | D:14     | Upgraded the game from 0.31-a0-819-gf6de2f5ab6 to
                  | 0.31-a0-841-g038b102fc3
 30828 | D:14     | Identified Huoff's Quarto of Productive Soot (Sif Muna
                  | gifted it to you on level 14 of the Dungeon)
 30828 | D:14     | Received a gift from Sif Muna
 31550 | D:7      | Killed Joseph
 32296 | D:11     | Bought the ring "Duoxeyh" {rF+ Will+} for 663 gold pieces
 32436 | Spider:1 | Entered Level 1 of the Spider Nest
 32562 | Spider:1 | Reached XP level 16. HP: 84/87 MP: 25/34
 32708 | Spider:1 | Identified Niunimod's Book of Left-Handed Rites (Sif Muna
                  | gifted it to you on level 1 of the Spider Nest)
 32708 | Spider:1 | Received a gift from Sif Muna
 33198 | Spider:1 | Learned a level 7 spell: Orb of Destruction
 33427 | Spider:1 | Noticed Nikola
 33436 | Spider:1 | Killed Nikola
 33575 | Spider:1 | Reached skill level 5 in Evocations
 33793 | Spider:1 | Reached skill level 5 in Staves
 38090 | Orc:2    | Bought a runed robe for 114 gold pieces
 38278 | Shoals:1 | Entered Level 1 of the Shoals
 39023 | Shoals:1 | Reached skill level 17 in Dodging
 39529 | Shoals:1 | Found Jyibleew's CLEARANCE SALE!.
 40160 | Shoals:2 | Reached skill level 18 in Dodging
 40798 | Shoals:2 | Reached XP level 17. HP: 92/92 MP: 28/36
 40959 | Shoals:2 | Identified Wiapt's Volume of Places and the Lithosphere
                  | (Sif Muna gifted it to you on level 2 of the Shoals)
 40959 | Shoals:2 | Received a gift from Sif Muna
 41551 | Shoals:1 | Reached skill level 19 in Dodging
 42850 | Shoals:3 | Noticed Jorgrun
 42855 | Shoals:3 | Killed Jorgrun
 43266 | Shoals:3 | Noticed a kraken
 43331 | Shoals:3 | Killed a kraken
 43568 | Shoals:3 | Reached skill level 20 in Dodging
 43762 | Shoals:4 | Entered Level 4 of the Shoals
 43941 | Shoals:4 | Found a white marble altar of Elyvilon.
 44237 | Shoals:4 | Reached skill level 21 in Dodging
 44282 | Shoals:4 | Noticed a kraken
 44367 | Shoals:4 | Killed a kraken
 44691 | Shoals:4 | Identified the +7 chain mail of Vonogysy {Dex+3}
 44909 | Shoals:4 | Identified Sif Muna's Quarto of Amassed Kinetic Energy (Sif
                  | Muna gifted it to you on level 4 of the Shoals)
 44909 | Shoals:4 | Received a gift from Sif Muna
 45039 | Shoals:4 | Noticed Polyphemus
 45190 | Shoals:4 | Found a glowing silver altar of Zin.
 45425 | Shoals:4 | Killed Polyphemus
 45572 | Shoals:4 | Reached skill level 22 in Dodging
 45704 | Shoals:4 | Got a barnacled rune of Zot
 45792 | Shoals:4 | Found a glowing golden altar of the Shining One.
 46112 | Shoals:4 | Hit by a silver javelin thrown by a merfolk javelineer

Illustrated notes

Levels and vault maps discovered:
D:1:      minmay_arrival_loop, layout_rooms
D:2:      layout_loops_corners, kennysheep_generic_room_7, uniq_natasha,
          uniq_robin
D:3:      layout_basic, hellmonk_ecumenical_altar_heavens_door
D:4:      layout_basic, minmay_temple_entry_statues, grunt_ministairs_1
D:5:      layout_rooms
D:6:      layout_basic, minitemple, cheibrodos_sewer_entry_bend
D:7:      layout_basic, uniq_joseph
D:8:      layout_basic, mainiacjoe_overflow_six_doors_small,
          david_lair_shrubbed, serial_rivers, chequers_serial_rivers_large_a,
          chequers_serial_rivers_micro_c, chequers_serial_rivers_micro_b,
          chequers_serial_rivers_micro_b, chequers_serial_rivers_large_b,
          eino_jars
D:9:      statuecave_lemuel, layout_loops_cross, nicolae_wu_jian_glorious_leap,
          uniq_erolcha
D:10:     layout_rooms, amcnicky_altar_gilded, serial_shops, shop
D:11:     layout_roguey, minmay_orc_entry_guard_dogs, serial_undead,
          serial_undead_e, serial_undead_b, serial_undead_b, serial_undead_b,
          serial_undead_b, serial_undead_f, serial_undead_a, serial_undead_e,
          serial_shops, shop, shop, nicolae_shop_competitors_out_of_business
D:12:     layout_roguey, portal_ice_cave_entry_ice_simulacra
D:13:     layout_gridville, david_vaults_4, onia_ninara_dug_in_and_dangerous
D:14:     minmay_slanted_spiral_squares, layout_cave_pools, serial_column_ruins,
          column_ruins_square_small, column_ruins_courtyard_long_water,
          column_ruins_open_small, column_ruins_grid_3, column_ruins_open_tiny,
          column_ruins_columns_straight, chequers_garden
Temple:   minmay_crystal_spiral_temple
Lair:1:   layout_regular_city, ebering_ghost_inner_flame, hibernation_bobbens,
          infiniplex_staircase_pool_2
Lair:2:   layout_chaotic_city, minmay_shoals_entry_hut, uniq_maggie
Lair:3:   layout_regular_city, nicolae_spider_entry_orb_guardian,
          serial_bayou_pond_b
Lair:4:   layout_gridlike, slime_entry_2, serial_forest,
          infiniplex_forest_clump_curved, infiniplex_forest_lined_ring,
          infiniplex_forest_zigzag_2, infiniplex_forest_straight_3,
          infiniplex_forest_lined_room_2, gauntlet_entry_generic,
          grunt_megastairs_4, serial_bayou_shore_b, uniq_rupert
Lair:5:   wormcave, layout_regular_city, hangedman_lair_tendril_chambers,
          dreamdust_gnoll_shepherd, serial_bayou_shore_a
Shoals:1: layout_shoals, nicolae_shop_clearance
Shoals:2: layout_shoals, nicolae_shoals_hunting_party
Shoals:3: layout_shoals, yaktaur_hedge, uniq_jorgrun
Shoals:4: shoals_end_hellmonk_holy_island, uniq_polyphemus
Spider:1: layout_spider_delve, uniq_nikola
Spider:2: layout_cave_pods
Spider:3: layout_chambers, nicolae_crawler_farm
Orc:1:    layout_caves
Orc:2:    grunt_orc_community_town_hall, layout_diamond_mine,
          grunt_orc_community_big_house_2, grunt_orc_community_big_house_2,
          grunt_orc_community_house_3, grunt_orc_community_house_2,
          grunt_orc_community_house_1, grunt_orc_community_house_2,
          grunt_orc_community_house_3, grunt_orc_community_house_2,
          biasface_ghost_orc_armoury

Skill      XL: |  1  2  3  4  5  6  7  8  9 10 11 12 13 14 15 16 17 |
---------------+----------------------------------------------------+-----
Stealth        | 3 4 5 |  5.0
Dodging        | 3 5 8 10 11 13 15 16 18 22 | 22.2
Conjurations   | 5 6 8 10 12 14 16 | 16.7
Translocations | 3 |  3.0
Staves         | 1 3 6 |  6.0
Spellcasting   | 4 5 7 9 12 13 | 13.0
Evocations     | 1 3 6 |  6.0
Fighting       | 2 5 |  5.0
Shields        | 5 7 |  7.8
Necromancy     | 6 7 |  7.0
Earth Magic    | 1 5 10 | 10.0
Ice Magic      | 5 |  5.0
Air Magic      | 5 |  5.0
Invocations    | 5 10 | 10.0

Action                     |  1- 3 |  4- 6 |  7- 9 | 10-12 | 13-15 | 16-18 || total
---------------------------+-------+-------+-------+-------+-------+-------++-------
  Melee: Unarmed           |     6 |       |       |       |       |       ||     6
         Staff             |       |       |    38 |    72 |   196 |   102 ||   408
   Cast: Magic Dart        |    75 |   120 |   180 |   111 |     4 |       ||   490
         Searing Ray       |     1 |     8 |    51 |    74 |     3 |       ||   137
         Blink             |       |       |     4 |     5 |     5 |       ||    14
         Iskenderun's Myst |       |       |     3 |   116 |   140 |    62 ||   321
         Dispel Undead     |       |       |       |    10 |    11 |       ||    21
         Stone Arrow       |       |       |       |     2 |   280 |   127 ||   409
         Freezing Cloud    |       |       |       |     2 |    71 |    42 ||   115
         Bombard           |       |       |       |       |   133 |    69 ||   202
         Mephitic Cloud    |       |       |       |       |     1 |     2 ||     3
         Orb of Destructio |       |       |       |       |       |   103 ||   103
 Invoke: Channel Magic     |       |       |       |       |     3 |     2 ||     5
  Evoke: Wand              |       |       |     2 |    11 |     6 |     7 ||    26
    Use: Scroll            |       |       |    10 |     5 |    14 |    12 ||    41
         Potion            |       |       |     3 |     2 |    10 |     1 ||    16
   Stab: Confused          |       |       |       |       |       |     2 ||     2
 Armour: Robe              |    16 |     6 |    84 |   210 |   196 |   147 ||   659
  Dodge: Dodged            |    12 |    10 |   147 |   233 |   328 |   210 ||   940
  Block: Buckler           |       |       |       |    65 |   125 |   123 ||   313
         Reflection        |       |       |       |       |     4 |    23 ||    27
         Kite shield       |       |       |       |       |       |    34 ||    34

Table legend: (Time is in decaauts)
 A = Elapsed time spent in this place.
 B = Non-inter-level travel time spent in this place.
 C = Inter-level travel time spent in this place.
 D = Time resting spent in this place.
 E = Time spent auto-exploring this place.
 F = Levels seen in this place.
 G = Mean time per level.
                   A        B        C        D        E       F      G
               +--------+--------+--------+--------+--------+-----+--------+
         Total |  46738 |  43142 |   3596 |   6398 |  30054 |  32 | 1460.6 |
       Dungeon |  20100 |  18312 |   1788 |   2202 |  13338 |  14 | 1435.7 |
        Temple |    132 |     72 |     60 |     63 |      0 |   1 |  132.0 |
          Lair |  10242 |   9256 |    986 |   1477 |   6351 |   5 | 2048.4 |
        Shoals |   7595 |   7380 |    215 |   1773 |   4606 |   4 | 1898.8 |
   Spider Nest |   4611 |   4450 |    161 |    498 |   3461 |   3 | 1537.0 |
  Orcish Mines |   2750 |   2367 |    383 |    272 |   1516 |   2 | 1375.0 |
         Sewer |    180 |    180 |      0 |      0 |    126 |   1 |  180.0 |
      Ice Cave |    530 |    530 |      0 |     30 |    363 |   1 |  530.0 |
      Gauntlet |    594 |    594 |      0 |     83 |    292 |   1 |  594.0 |
               +--------+--------+--------+--------+--------+-----+--------+

Top non-repeatable levels by time:
  Lair:5: 2626 daAuts
  Lair:2: 2565 daAuts
    D:13: 2481 daAuts
Shoals:3: 2423 daAuts
     D:8: 2403 daAuts
  Lair:3: 2337 daAuts
   Orc:2: 2169 daAuts
    D:11: 2151 daAuts
Spider:3: 2089 daAuts
     D:9: 2013 daAuts
Shoals:2: 1969 daAuts
Shoals:1: 1735 daAuts
  Lair:1: 1693 daAuts
    D:14: 1546 daAuts
     D:6: 1515 daAuts
